 Dungeon Crawl Stone Soup version 0.21.0-3-g78d12a8 (webtiles) character file.

95 George the Skirmisher (level 4, -1/35 HPs)
             Began as a Demonspawn Fighter on Jan 9, 2018.
             Splashed by a jelly's acid (2 damage)
             ... on level 2 of the Dungeon.
             The game lasted 00:01:17 (733 turns).

George the Skirmisher (Demonspawn Fighter)           Turns: 733, Time: 00:01:18

Health: -1/35      AC:  2    Str: 18    XL:     4   Next: 40%
Magic:  4/4        EV:  7    Int:  9    God:
Gold:   85         SH:  9    Dex: 12    Spells: 3/3 levels left

rFire    . . .     SeeInvis .   a - +0 long sword
rCold    . . .     Gourm    .   c - +0 shield
rNeg     . . .     Faith    .   b - +0 scale mail
rPois    .         Spirit   .   (helmet restricted)
rElec    .         Reflect  .   (no cloak)
rCorr    .         Harm     .   (no gloves)
MR       .....                  (no boots)
Stlth    +.........             (no amulet)
HPRegen  0.11/turn              (no ring)
MPRegen  0.09/turn              (no ring)

@: corroded
A: antennae 1, hooves 1, nightstalker 1
a: no special abilities


You were on level 2 of the Dungeon.
You were not hungry.

You visited 1 branch of the dungeon, and saw 2 of its levels.

You collected 85 gold pieces.

Inventory:

Hand Weapons
 a - a +0 long sword (weapon)
Armour
 b - a +0 scale mail (worn)
 c - a +0 shield (worn)
Scrolls
 e - 3 scrolls of teleportation {unknown}
 h - a scroll of enchant weapon {unknown}
 j - a scroll of identify {unknown}
Potions
 d - a potion of might
 g - a potion of curing {unknown}
Comestibles
 f - 3 rations


   Skills:
 + Level 3.5 Fighting
 * Level 3.0 Long Blades
 + Level 3.2 Armour
 + Level 3.2 Shields


You had 3 spell levels left.
You didn't know any spells.

Dungeon Overview and Level Annotations

Branches:
Dungeon (2/15)

Altars:


Innate Abilities, Weirdness & Mutations

You have a pair of small antennae on your head.
You have large cloven feet.
You are slightly more attuned to the shadows.


Message History

You are too injured to fight recklessly!
You are too injured to fight recklessly!
You are too injured to fight recklessly!
You are too injured to fight recklessly!
You are too injured to fight recklessly!
You hit the ooze.
You kill the ooze!
The jelly completely misses you.
You hit the jelly.
Your hands burn!
The jelly is moderately wounded.
The jelly hits you but does no damage.
You hit the jelly. The acid corrodes you!
Your hands burn!
Your kick misses the jelly.
The jelly is heavily wounded.
The jelly hits you.
* * * LOW HITPOINT WARNING * * *
You are splashed with acid!
The acid burns!
* * * LOW HITPOINT WARNING * * *
You hit the jelly but do no damage.
Your hands burn!
You die...

##.).).##
#.##.....[...
#.......# #.####..##..
#.......# #.# ##.##
#.......# #.#####..#
#.......# #....)...#
####....# #.######.#
##..'....# #.######..#
#.########
#...........
##.....@##
#.####.##.#..
#######J#
#.####.##.#.#
P.P.P{..##.#..... ...
P...J÷..##.#.##.# ..#
÷...P.P.##....#.# .>#
P.PJ÷.÷.##......####.#
........##............
P...P...##...........#
##.#......#.#


You could see a jelly.

Vanquished Creatures
  A jelly (D:2)
  A gnoll (D:1)
  6 oozes (D:2)
  A giant cockroach (D:1)
  2 goblins (D:1)
  2 hobgoblins (D:2)
  3 bats
  A frilled lizard (D:1)
  10 kobolds
  3 rats (D:1)
30 creatures vanquished.

Vanquished Creatures (others)
  A fungus (D:2)
  5 toadstools (D:2)
6 creatures vanquished.

Grand Total: 36 creatures vanquished

Notes
Turn   | Place    | Note
-------+----------+-------------------------------------------
     0 | D:1      | George the Demonspawn Fighter began the quest for the Orb.
     0 | D:1      | Reached XP level 1. HP: 18/18 MP: 1/1
    84 | D:1      | Gained mutation: You are slightly more attuned to the shadows. [demonic ancestry]
    84 | D:1      | Reached XP level 2. HP: 18/24 MP: 2/2
   676 | D:2      | Gained mutation: You have large cloven feet. [demonic ancestry]
   676 | D:2      | Reached XP level 3. HP: 29/29 MP: 3/3
   716 | D:2      | Gained mutation: You have a pair of small antennae on your head. [demonic ancestry]
   716 | D:2      | Reached XP level 4. HP: 22/35 MP: 4/4
   732 | D:2      | HP: 1/35 [acid (8)]
   733 | D:2      | Splashed by a jelly's acid

Skill      XL: |  1  2  3  4 |
---------------+-------------+-----
Long Blades    | 2 3 |  3.0
Armour         | 3 |  3.2
Shields        | 3 |  3.2
Fighting       | |  3.5

Action                   |  1- 3 |  4- 6 || total
-------------------------+-------+-------++-------
Melee: Long sword        |    77 |    16 ||    93
       Kick              |     4 |     6 ||    10
Armor: Scale mail        |    35 |     4 ||    39
Dodge: Dodged            |    26 |     4 ||    30
Block: Shield            |    51 |     6 ||    57
       Rpst.: Long sword |     4 |     2 ||     6
